 Dungeon Crawl Stone Soup version 0.26-a0-651-gb41185065b (webtiles) character file.

Game seed: 17792884845463724029

(classic levelgen) 179438 EnegeticOcto the Severer (level 17, 0/163 HPs)
             Began as a Deep Dwarf Fighter on Oct 9, 2020.
             Was the Champion of Makhleb.
             Slain by a spark wasp (12 damage)
             ... on level 3 of the Depths.
             The game lasted 00:13:18 (15523 turns).

EnegeticOcto the Severer (Deep Dwarf Fighter)      Turns: 15523, Time: 00:13:19

Health: 0/163      AC: 29    Str: 31    XL:     17   Next: 0%
Magic:  12/12      EV: 16    Int: 11    God:    Makhleb [******]
Gold:   698        SH: 14    Dex: 12    Spells: 16/16 levels left

rFire    + + .     SeeInvis .   a - +9 broad axe (freeze)
rCold    + + .     Faith    +   c - +0 kite shield
rNeg     + . .     Spirit   .   x - +6 plate armour {rPois}
rPois    +         Reflect  .   (no helmet)
rElec    .         Harm     .   r - scarf {rC+ rF+}
rCorr    .         Rampage  .   k - +2 pair of gloves
MR       ++...                  M - +2 pair of boots {Fly}
Stlth    ..........             t - amulet of faith
HPRegen  0.00/turn              E - +4 ring of evasion
MPRegen  0.13/turn              l - ring "Ratuff" {rF+ rC+ Str+6 Stlth+}

@: flying, non-regenerating
A: damage resistance, heal wounds, negative energy resistance 1, sense
surroundings 2, no regeneration
}: 2/15 runes: barnacled, gossamer
a: Heal Wounds, Minor Destruction, Lesser Servant of Makhleb, Major Destruction,
Greater Servant of Makhleb, Renounce Religion, Stop Flying


You were on level 3 of the Depths.
You worshipped Makhleb.
Makhleb was exalted by your worship.
You visited 7 branches of the dungeon, and saw 32 of its levels.
You also visited: Ossuary.

You collected 2427 gold pieces.
You spent 1729 gold pieces at shops.

Inventory:

Hand Weapons
 a - a +9 broad axe of freezing (weapon)
 q - the +8 war axe of Doom {pain, rF++ MR- Stlth+}
   (You found it on level 5 of the Dungeon)

   In the hands of one skilled in necromantic magic, it inflicts extra damage on
   living creatures.
   It greatly protects you from fire.
   It affects your resistance to hostile enchantments.
   It makes you more stealthy.
Armour
 c - a +0 kite shield (worn)
 k - a +2 pair of gloves (worn)
 r - a scarf of resistance (worn)
 x - a +6 plate armour of poison resistance (worn)
 M - a +2 pair of boots of flying (worn)
Jewellery
 l - the ring "Ratuff" (right hand) {rF+ rC+ Str+6 Stlth+}
   (You acquired it on level 2 of the Spider Nest)

   [ring of strength]

   It affects your strength (+6).
   It protects you from fire.
   It protects you from cold.
   It makes you more stealthy.
 t - an amulet of faith (around neck)
 v - an uncursed ring of see invisible
 E - a +4 ring of evasion (left hand)
Wands
 j - a wand of acid (12) {@v1}
 s - a wand of digging (13) {@v3}
 y - a wand of iceblast (19) {@v2}
 B - a wand of polymorph (19)
Scrolls
 b - a scroll of vulnerability
 e - 3 scrolls of blinking
 g - 9 scrolls of teleportation {@r3}
 h - 10 scrolls of remove curse {@r2}
 m - 2 scrolls of fear
 n - 3 scrolls of identify {@r1}
 p - 2 scrolls of fog
 u - 6 scrolls of magic mapping {@r5}
 F - a scroll of brand weapon
 I - 2 scrolls of immolation {@r4}
Potions
 d - 7 potions of might {@q3}
 f - 3 potions of cancellation
 i - 6 potions of curing {@q1}
 o - a potion of magic
 w - 3 potions of heal wounds {@q2}
 z - 4 potions of mutation
 A - 4 potions of stabbing {@q5}
 D - 2 potions of lignification {@q7}
 G - 17 potions of ambrosia
 J - 2 potions of invisibility
 K - a potion of haste {@q4}
Miscellaneous
 H - a box of beasts (3/3)


   Skills:
 * Level 13.0 Fighting
 * Level 17.7 Axes
 + Level 13.5 Armour
 + Level 7.7 Dodging
 + Level 13.4 Shields
 + Level 13.6 Invocations
 + Level 9.3 Evocations


You had 16 spell levels left.
You didn't know any spells.
Your spell library was empty.

Dungeon Overview and Level Annotations

Branches:
Dungeon (15/15)            Temple (1/1) D:4            Lair (4/6) D:8
 Shoals (4/4) Lair:4       Spider (4/4) Lair:2          Orc (1/2) D:9
 Depths (3/5) D:15        Ossuary (visited)
 Vaults: D:13-14

Altars:
Ashenzari
Cheibriados
Dithmenos
Elyvilon
Fedhas
Gozag
Hepliaklqana
Kikubaaqudgha
Makhleb
Nemelex Xobeh
Okawaru
Qazlal
Ru
Sif Muna
Trog
Uskayaw
Vehumet
Wu Jian
Xom
Yredelemnul
Zin
The Shining One
Beogh

Shops:
D:14 :   Orc:1 ??=   Shoals:1 ?

Portals:
Hell: Depths:3
Trove: D:13 (give +2 storm dragon scales)

Annotations:
D:14 Roxanne
Lair:2 exclusion: oklob plant
Depths:1 exclusion: obsidian statue


Innate Abilities, Weirdness & Mutations

You are resistant to damage.
You can heal yourself by infusing magical energy.
You resist negative energy. (rN+)
You passively map the area around you.
You do not regenerate.


Message History

A spriggan defender comes into view. It is wielding a +1 rapier of freezing.
You hit the spark wasp but do no damage.
The spark wasp is heavily wounded.
You barely miss the spark wasp. You slash the spark wasp!
You freeze the spark wasp. You block the spark wasp's attack.
The spark wasp completely misses you. The spark wasp misses you.
You slice the spark wasp!! You freeze the spark wasp.
You kill the spark wasp!
Makhleb accepts your kill.
You feel better.
You hit the spark wasp. You freeze the spark wasp.
You closely miss the spark wasp. You completely miss the spark wasp.
You hear a shout!
The spark wasp misses you. You block the spark wasp's attack.
The spark wasp stings you. The spark wasp shocks you!
A slime creature comes into view.
The spriggan berserker invokes Trog's protection!
You hit the spark wasp but do no damage.
The spark wasp is moderately wounded.
You slash the spark wasp! You freeze the spark wasp. You slash the spark wasp!
You freeze the spark wasp. You block the spark wasp's attack.
The spark wasp barely misses you. The spark wasp closely misses you.
You closely miss the spark wasp.
The spark wasp is moderately wounded.
You hit the spark wasp but do no damage.
You slash the spark wasp! You freeze the spark wasp.
You miss the spriggan air mage. You block the spark wasp's attack. x2
The spark wasp closely misses you. The spriggan air mage hits you!
You slash the spark wasp! You freeze the spark wasp.
The spark wasp is severely wounded.
You slice the spriggan air mage!! You freeze the spriggan air mage.
You closely miss the spark wasp. You hit the spark wasp.
You freeze the spark wasp. You block the spark wasp's attack.
The spark wasp stings you but does no damage.
You block the spark wasp's attack.
The spark wasp stings you but does no damage. x2
The spriggan air mage closely misses you.
You hit the spark wasp but do no damage.
The spark wasp is severely wounded.
You closely miss the spriggan air mage. You hit the spark wasp.
You freeze the spark wasp. You closely miss the spark wasp.
You block the spark wasp's attack. The spark wasp stings you!
The spark wasp shocks you! You block the spark wasp's attack.
A slime creature comes into view.
The spark wasp stings you!! The spark wasp shocks you!
You slice the spark wasp!! You freeze the spark wasp.
The spark wasp is almost dead.
You closely miss the spriggan air mage. You slice the spark wasp!!
You freeze the spark wasp.
You kill the spark wasp!
Makhleb accepts your kill.
You feel better.
Your Fighting skill increases to level 13!
You have reached level 17!
The spriggan defender blocks your attack.
You slash the spark wasp! You freeze the spark wasp.
The spriggan air mage waves its arms in wide circles.
The air twists around and violently strikes you in flight.
The spriggan defender completely misses you.
The spark wasp bursts into living lightning!
The living lightning misses you. x2; The spark wasp blinks! x2
The spriggan rider hits you from afar with a +0 spear!
The spark wasp stings you! The spark wasp shocks you!
A demon appears!
The spark wasp stings you! The spark wasp shocks you!
* * * LOW HITPOINT WARNING * * *
You block the spriggan defender's attack.
The spark wasp stings you!!
* * * LOW HITPOINT WARNING * * *
The spark wasp shocks you!
* * * LOW HITPOINT WARNING * * *
A slime creature comes into view. x2
The spriggan air mage waves its arms in wide circles.
The air twists around and violently strikes you in flight!
* * * LOW HITPOINT WARNING * * *
You block the spriggan rider's attack.
You are too injured to fight recklessly!
You are too injured to fight recklessly!
You are too injured to fight recklessly!
You feel much better.
The slime creature quivers.
The spriggan defender hits you with a +1 rapier of freezing!
* * * LOW HITPOINT WARNING * * *
The spriggan defender freezes you. You block the spark wasp's attack.
The spark wasp barely misses you.
The spriggan berserker hits you with a +0 rapier.
* * * LOW HITPOINT WARNING * * *
The spriggan air mage hits you. The spark wasp stings you.
* * * LOW HITPOINT WARNING * * *
The spark wasp shocks you!
* * * LOW HITPOINT WARNING * * *
You block the spriggan rider's attack. You block the spark wasp's attack.
The spriggan defender hits you but does no damage.
You feel much better.
The spark wasp bursts into living lightning!
The living lightning misses you.
The spark wasp blinks!
The spriggan berserker hits you but does no damage.
You block the spriggan defender's attack.
The spark wasp stings you!
* * * LOW HITPOINT WARNING * * *
The spark wasp shocks you!
You die...

*################
* *
..............J.,
,, ,,
.......2§i......
....>...@ii.J...,
, ,
.......y.i......
, , ,
.........J......
,
................
,,*
,...?.........J..
*
.∩......y.......
##########...###
, ...# , * *


You could see a spriggan defender, 2 spark wasps, 4 slime creatures, a spriggan
rider, a spriggan berserker (regenerating, resisting magic), a spriggan air mage
(repels missiles) and a friendly cacodemon (summoned).

Vanquished Creatures
  A golden dragon (Depths:2)
  A tentacled monstrosity (Depths:2)
  A sphinx (Depths:2)
  Polyphemus (Shoals:2)
  A fire giant (Depths:2)
  3 ghost moths (Spider:4)
  7 emperor scorpions
  An ironheart preserver (D:14)
  3 stone giants
  4 entropy weavers
  The ghost of Doataceo the Cleaver, a journeyman DsFi of Okawaru (D:14)
  3 spark wasps
  2 merfolk javelineers (Shoals:4)
  An ettin (Depths:2)
  A merfolk impaler (Shoals:4)
  Josephine (D:11)
  2 ogre magi (Depths:2)
  The ghost of Zurun the Fighter, a journeyman GrFi of Cheibriados (D:12)
  A rakshasa (Depths:1)
  A catoblepas (Shoals:2)
  Fannar (Lair:2)
  5 hydras
  2 centaur warriors
  3 merfolk aquamancers
  2 death yaks (Shoals:2)
  6 two-headed ogres
  A merfolk avatar (Shoals:4)
  A satyr (Shoals:3)
  3 tengu warriors
  A vampire mage (Depths:2)
  Urug (Lair:2)
  A wizard (Depths:1)
  A skeletal warrior (D:15)
  4 unseen horrors
  A flayed ghost (D:15)
  13 sea snakes
  12 harpies
  13 orb spiders
  4 orc knights
  18 wolf spiders
  A deep elf mage (D:14)
  4 necromancers
  7 ugly things
  2 cyclopes
  4 fauns
  3 manticores
  A guardian serpent (shapeshifter) (Depths:2)
  A black mamba (Lair:2)
  2 moths of wrath
  4 centaur zombies
  A frost giant skeleton (D:15)
  A merfolk siren (Shoals:1)
  A water nymph (Shoals:1)
  4 cane toads (Lair:2)
  A yaktaur zombie (D:15)
  3 demonic crawlers
  A centaur skeleton (D:14)
  3 rime drakes
  A guardian mummy (D:15)
  3 komodo dragons
  A spriggan skeleton (D:15)
  A tengu conjurer (D:13)
  A queen bee (Lair:1)
  A hornet (shapeshifter) (Depths:1)
  8 hornets
  5 trolls
  2 merfolk
  32 jumping spiders
  9 slime creatures
  A blink frog (Lair:2)
  A harpy skeleton (D:15)
  9 hippogriffs
  An ice dragon zombie (D:15)
  2 snapping turtles
  24 tarantellas
  43 redbacks
  A vampire (D:14)
  8 wraiths
  24 yaks
  3 wyverns
  A steam dragon (D:13)
  7 water elementals
  4 vampire mosquitoes (D:15)
  Grum (D:11)
  A basilisk (Lair:2)
  2 wargs
  An acid dragon (D:11)
  A soldier ant (D:14)
  9 water moccasins
  10 porcupines
  19 orc warriors
  3 eyes of draining
  5 ice beasts
  2 sky beasts
  A hornet zombie (D:8)
  3 black bears
  A necrophage (D:10)
  7 ogres
  2 phantoms
  3 boggarts (Depths:2)
  2 wolves (D:11)
  4 centaurs
  12 crocodiles
  2 big kobolds
  22 bullfrogs
  A wyvern skeleton (D:11)
  A scorpion (D:7)
  15 wights
  34 killer bees
  A howler monkey (D:10)
  4 electric eels (D:13)
  2 quasits (D:9)
  8 jellies
  A bullfrog skeleton (D:10)
  A gnoll shaman (D:9)
  12 orc priests
  A hound (D:11)
  Crazy Yiuf (D:6)
  Jessica (D:2)
  Terence (D:2)
  10 orc wizards
  2 hell rats (Lair:3)
  10 worker ants
  5 wolf simulacra (D:12)
  2 yak simulacra (D:12)
  A killer bee zombie (D:6)
  2 polar bear simulacra (D:12)
  A big kobold zombie (Ossuary)
  A hound skeleton (D:5)
  8 mummies (Ossuary)
  8 adders
  13 gnolls
  8 river rats (Lair:3)
  A shadow imp (D:7)
  13 white imps
  A worm (D:3)
  2 leopard geckos
  67 orcs
  4 bats
  5 giant cockroaches
  6 goblins
  4 hobgoblins
  5 jackals
  4 quokkas
  3 frilled lizards
  2 gnoll zombies (Ossuary)
  A hobgoblin zombie (Ossuary)
  12 kobolds
  2 kobold zombies (Ossuary)
  2 orc zombies (Ossuary)
  A quokka zombie (D:9)
  6 rats
  2 river rat simulacra (D:12)
  A bush (D:14)
779 creatures vanquished.

Vanquished Creatures (collateral kills)
  3 orb spiders
  4 wolf spiders
  6 jumping spiders
  10 redbacks
  2 tarantellas
25 creatures vanquished.

Vanquished Creatures (others)
  2 merfolk aquamancers
  A sea snake (Shoals:2)
  A tarantella (Spider:3)
  A water elemental (D:13)
  A hound (D:13)
  5 bushes (D:14)
  18 fungi
  26 plants
  9 tentacles (Shoals:2)
  3 withered plants (D:15)
67 creatures vanquished.

Grand Total: 871 creatures vanquished

Notes
Turn   | Place    | Note
-------+----------+-------------------------------------------
     0 | D:1      | EnegeticOcto the Deep Dwarf Fighter began the quest for the
                  | Orb.
     0 | D:1      | Reached XP level 1. HP: 20/20 MP: 1/1
   231 | D:2      | Reached XP level 2. HP: 21/27 MP: 2/2
   247 | D:2      | Noticed Jessica
   252 | D:2      | Killed Jessica
   252 | D:2      | Reached skill level 3 in Axes
   252 | D:2      | Reached XP level 3. HP: 24/34 MP: 3/3
   460 | D:4      | Reached XP level 4. HP: 42/42 MP: 3/3
   528 | D:4      | Reached skill level 4 in Axes
   627 | D:4      | Reached XP level 5. HP: 34/49 MP: 4/4
   716 | D:4      | Found a stormy altar of Qazlal.
   788 | D:4      | Found a staircase to the Ecumenical Temple.
   926 | Temple   | Entered the Ecumenical Temple
  1313 | D:5      | Entered Level 5 of the Dungeon
  1344 | D:5      | Reached XP level 6. HP: 37/56 MP: 5/5
  1403 | D:5      | Noticed a sky beast
  1411 | D:5      | Killed a sky beast
  1411 | D:5      | Reached skill level 5 in Axes
  1440 | D:5      | Found a hazy altar of Hepliaklqana.
  1451 | D:5      | Found an ancient bone altar of Kikubaaqudgha.
  1512 | D:5      | Found a shimmering altar of Xom.
  1605 | D:5      | Got a twisted war axe
  1605 | D:5      | Identified the +8 war axe of Doom {pain, rF++ MR- Stlth+}
                  | (You found it on level 5 of the Dungeon)
  1798 | D:6      | Noticed an orc warrior
  1807 | D:6      | Killed an orc warrior
  1807 | D:6      | Reached XP level 7. HP: 37/64 MP: 6/6
  1938 | D:6      | Reached skill level 5 in Armour
  1938 | D:6      | Reached skill level 5 in Shields
  2006 | D:6      | Reached skill level 6 in Axes
  2046 | D:6      | You fall into a shaft and drop 1 floor!
  2165 | D:7      | Reached XP level 8. HP: 47/73 MP: 7/7
  2258 | D:7      | Reached skill level 7 in Axes
  2331 | D:6      | Found a runed translucent door.
  2332 | D:6      | Noticed Crazy Yiuf
  2434 | D:6      | Found a sand-covered staircase.
  2439 | Ossuary  | Entered an ossuary
  2719 | D:6      | Killed Crazy Yiuf
  2856 | D:7      | Reached skill level 5 in Fighting
  2884 | D:7      | Found an ornate altar of the Wu Jian Council.
  3422 | D:8      | Reached skill level 8 in Axes
  3436 | D:8      | Gained mutation: You passively map the area around you.
                  | [Deep Dwarf growth]
  3436 | D:8      | Reached XP level 9. HP: 40/81 MP: 6/6
  3689 | D:2      | Noticed Terence
  3696 | D:2      | Killed Terence
  3734 | D:2      | Found a shadowy altar of Dithmenos.
  3868 | D:2      | Found an opulent altar of Gozag.
  4708 | D:8      | Found a burning altar of Makhleb.
  4721 | D:8      | Reached skill level 9 in Axes
  4727 | D:8      | Became a worshipper of Makhleb the Destroyer
  4779 | D:8      | Found a bloodstained altar of Trog.
  4805 | D:8      | Reached skill level 1 in Invocations
  4867 | D:8      | Found a staircase to the Lair.
  5098 | D:8      | Noticed a two-headed ogre
  5102 | D:8      | Killed a two-headed ogre
  5181 | D:8      | Found a snail-covered altar of Cheibriados.
  5343 | D:8      | Got a scorched iron amulet
  5533 | D:8      | Identified the amulet of Zayxziug {Regen+ Int+8} (You found
                  | it on level 8 of the Dungeon)
  5567 | D:9      | Reached skill level 10 in Axes
  5583 | D:9      | Found a white marble altar of Elyvilon.
  5592 | D:9      | Reached XP level 10. HP: 61/92 MP: 8/8
  5633 | D:9      | Noticed a two-headed ogre
  5641 | D:9      | Killed a two-headed ogre
  5658 | D:9      | Reached * piety under Makhleb
  5964 | D:9      | Found a staircase to the Orcish Mines.
  6174 | D:10     | Entered Level 10 of the Dungeon
  6183 | D:10     | Reached ** piety under Makhleb
  6208 | D:10     | Noticed an unseen horror
  6215 | D:10     | Killed an unseen horror
  6215 | D:10     | Reached skill level 11 in Axes
  6215 | D:10     | Reached skill level 5 in Invocations
  6591 | D:10     | Noticed a two-headed ogre
  6600 | D:10     | Killed a two-headed ogre
  6600 | D:10     | Reached XP level 11. HP: 96/100 MP: 11/11
  6888 | D:11     | Reached *** piety under Makhleb
  6913 | D:11     | Noticed Josephine
  6931 | D:11     | Killed Josephine
  6931 | D:11     | Reached skill level 12 in Axes
  7026 | D:11     | Noticed Grum
  7038 | D:11     | Reached **** piety under Makhleb
  7049 | D:11     | Killed Grum
  7375 | D:12     | Noticed a red ugly thing
  7388 | D:12     | Killed a red ugly thing
  7691 | D:12     | Found a runed translucent gate.
  7691 | D:12     | Found a runed translucent gate.
  7691 | D:12     | Found a runed translucent gate.
  7694 | D:12     | Noticed Zurun's ghost (journeyman GrFi)
  7697 | D:12     | Found a roughly hewn altar of Beogh.
  7698 | D:12     | Identified the +6 whip "Desuow" {vorpal, Int+3 Dex+4 SInv}
  7700 | D:12     | Identified the +6 shortbow "Giantslayer" {vorpal, +Fly
                  | Int+6 Dex+2}
  7797 | D:12     | Noticed a necromancer
  7805 | D:12     | Killed a necromancer
  7862 | D:12     | You fall into a shaft and drop 2 floors!
  7862 | D:14     | Noticed a brown ugly thing
  7862 | D:14     | Noticed a brown ugly thing
  7863 | D:14     | Noticed a brown ugly thing
  7863 | D:14     | Noticed a brown ugly thing
  7865 | D:14     | Noticed a brown ugly thing
  7866 | D:14     | Noticed a brown ugly thing
  7868 | D:14     | Noticed a centaur warrior
  7879 | D:14     | Noticed a tengu warrior
  7880 | D:14     | Noticed a deep elf mage
  7883 | D:14     | Killed a cyan ugly thing
  7886 | D:14     | Noticed a seven-headed hydra
  7932 | D:14     | Reached ***** piety under Makhleb
  7932 | D:14     | Reached XP level 12. HP: 111/111 MP: 10/10
  7954 | D:14     | Found a frozen archway.
  7992 | D:14     | Killed a centaur warrior
  7992 | D:14     | Reached skill level 13 in Axes
  7999 | D:14     | Reached skill level 10 in Armour
  7999 | D:14     | Reached skill level 10 in Shields
  8020 | D:14     | Killed a tengu warrior
  8046 | D:14     | Killed a 12-headed hydra
  8078 | D:14     | Identified the +9 scythe of Conscience {flame, +Inv +Fly
                  | rN+}
  8113 | D:14     | Found Teugif's Book Shoppe.
  8132 | D:14     | Noticed a seven-headed hydra
  8146 | D:14     | Killed a 12-headed hydra
  8162 | D:14     | Noticed an ironheart preserver
  8163 | D:14     | Found a runed translucent gate.
  8163 | D:14     | Found a runed translucent gate.
  8163 | D:14     | Found a runed translucent gate.
  8186 | D:14     | Killed an ironheart preserver
  8191 | D:14     | Found a roughly hewn altar of Beogh.
  8191 | D:14     | Noticed Doataceo's ghost (journeyman DsFi)
  8263 | D:14     | Reached skill level 14 in Axes
  8278 | D:14     | Killed Doataceo's ghost
  8477 | D:14     | Noticed Roxanne
  8558 | D:14     | Reached XP level 13. HP: 98/121 MP: 13/13
  8647 | D:13     | Reached skill level 10 in Invocations
  8832 | D:13     | Reached ****** piety under Makhleb
  9154 | D:13     | Found a portal to a secret trove of treasure.
  9900 | D:12     | Killed Zurun's ghost
 10061 | Lair:1   | Entered Level 1 of the Lair of Beasts
 10377 | Lair:2   | Found a hole to the Spider Nest.
 10437 | Lair:2   | Noticed Fannar
 10479 | Lair:2   | Killed Fannar
 10504 | Lair:2   | Reached skill level 15 in Axes
 10646 | Lair:2   | Reached skill level 1 in Evocations
 10669 | Lair:2   | Reached skill level 1 in Dodging
 11266 | Lair:2   | Noticed Urug
 11282 | Lair:2   | Killed Urug
 11282 | Lair:2   | Reached skill level 10 in Fighting
 11812 | Lair:3   | Gained mutation: You resist negative energy. (rN+) [Deep
                  | Dwarf growth]
 11812 | Lair:3   | Reached XP level 14. HP: 132/132 MP: 14/14
 12308 | Lair:4   | Found a staircase to the Shoals.
 12588 | Orc:1    | Entered Level 1 of the Orcish Mines
 12588 | Orc:1    | Found Woqycisk's Magic Scroll Emporium.
 12602 | Orc:1    | Bought a scroll of brand weapon for 340 gold pieces
 12602 | Orc:1    | Bought a scroll of teleportation for 51 gold pieces
 12622 | Orc:1    | Found Lagahigh's Jewellery Shop.
 12725 | Orc:1    | Found Jenloq's Magic Scroll Emporium.
 12730 | Orc:1    | Bought a scroll of enchant weapon for 90 gold pieces
 12730 | Orc:1    | Bought a scroll of magic mapping for 42 gold pieces
 12730 | Orc:1    | Bought a scroll of magic mapping for 42 gold pieces
 12844 | Spider:1 | Entered Level 1 of the Spider Nest
 12958 | Spider:1 | Noticed an emperor scorpion
 12994 | Spider:1 | Killed an emperor scorpion
 13033 | Spider:2 | Identified a scroll of acquirement
 13033 | Spider:2 | Acquired the ring "Ratuff" {rF+ rC+ Str+6 Stlth+}
 13077 | Spider:3 | Noticed an emperor scorpion
 13115 | Spider:3 | Killed an emperor scorpion
 13372 | Spider:3 | Noticed an entropy weaver
 13389 | Spider:3 | Killed an entropy weaver
 13389 | Spider:3 | Reached skill level 5 in Evocations
 13400 | Spider:3 | Reached skill level 16 in Axes
 13434 | Spider:4 | Entered Level 4 of the Spider Nest
 13434 | Spider:4 | Noticed an entropy weaver
 13441 | Spider:4 | Killed an entropy weaver
 13444 | Spider:4 | Paralysed by a hornet for 1 turns
 13451 | Spider:4 | Reached XP level 15. HP: 141/141 MP: 12/14
 13613 | Spider:4 | Reached skill level 5 in Dodging
 13617 | Spider:4 | Noticed a ghost moth
 13632 | Spider:4 | Killed a ghost moth
 13660 | Spider:4 | Noticed a ghost moth
 13662 | Spider:4 | Noticed a ghost moth
 13679 | Spider:4 | Killed a ghost moth
 13726 | Spider:4 | Killed a ghost moth
 13771 | Spider:4 | Got a gossamer rune of Zot
 14056 | Shoals:1 | Entered Level 1 of the Shoals
 14282 | Shoals:1 | Found Efaruov's Magic Scroll Emporium.
 14292 | Shoals:1 | Bought a scroll of acquirement for 884 gold pieces
 14292 | Shoals:1 | Acquired 756 gold pieces
 14294 | Shoals:1 | Bought a scroll of enchant armour for 127 gold pieces
 14294 | Shoals:1 | Bought a scroll of teleportation for 51 gold pieces
 14294 | Shoals:1 | Bought a scroll of teleportation for 51 gold pieces
 14294 | Shoals:1 | Bought a scroll of teleportation for 51 gold pieces
 14308 | Shoals:2 | Noticed Polyphemus
 14327 | Shoals:2 | Killed Polyphemus
 14336 | Shoals:2 | Reached XP level 16. HP: 136/152 MP: 13/13
 14347 | Shoals:2 | Reached skill level 17 in Axes
 14502 | Shoals:4 | Entered Level 4 of the Shoals
 14563 | Shoals:4 | Got a barnacled rune of Zot
 14597 | Shoals:2 | Noticed a kraken
 14898 | D:15     | Entered Level 15 of the Dungeon
 15132 | D:15     | Found a staircase to the Depths.
 15304 | Depths:1 | Entered Level 1 of the Depths
 15395 | Depths:2 | Noticed a tentacled monstrosity
 15414 | Depths:2 | Killed a tentacled monstrosity
 15466 | Depths:2 | Noticed a golden dragon
 15485 | Depths:2 | Killed a golden dragon
 15489 | Depths:2 | Noticed a sphinx
 15506 | Depths:2 | Killed a sphinx
 15511 | Depths:3 | Found a gateway to Hell.
 15520 | Depths:3 | Reached XP level 17. HP: 109/163 MP: 12/12
 15521 | Depths:3 | HP: 4/163 [spriggan air mage/the air (8)]
 15523 | Depths:3 | Slain by a spark wasp

Illustrated notes

Levels and vault maps discovered:
D:1:      lemuel_arrival_hallway, layout_basic, st_stairs_2, minmay_tetromino_t2
D:2:      layout_basic, nicolae_gozag_seed_capital, lemuel_doored_altar,
          uniq_jessica, uniq_terence
D:3:      layout_basic
D:4:      layout_gridville, grunt_qazlal_sundering, minmay_temple_entry_tees
D:5:      layout_rooms, lemuel_coloured_pillars_altar,
          chequers_temple_overflow_statue_of_worship
D:6:      layout_rooms, enter_ossuary_5, uniq_crazy_yiuf_cottage
D:7:      layout_basic, basic_altar
D:8:      layout_basic, kennysheep_little_box, overflow_temple_1_default,
          nicolae_overflow_crystal_walls, grunt_lair_entry_orc_guard_hut
D:9:      layout_long_grid, overflow_temple_1_default, david_orc_2
D:10:     layout_irregular_city
D:11:     layout_cave_pools, uniq_josephine, uniq_grum
D:12:     layout_stronghold, biasface_ghost_orc_armoury, eino_house_with_fridge
D:13:     layout_basic, nicolae_trove_entry_diagonal, lemuel_another_geyser
D:14:     layout_cave_pods, skrybe_vaults_entry_preservation,
          biasface_ghost_orc_armoury, portal_ice_cave_entry_imps,
          serial_park_gazebo [serial_park_minivault_5x5_3], serial_shops,
          kennysheep_mini, minmay_misc_feat_room, uniq_roxanne
D:15:     gammafunk_depths_entry_grave, layout_loops_ring,
          nicolae_dithmenos_the_darkroom
Temple:   chequers_temple_sunken
Lair:1:   wad_woods_04, layout_layer_cave, special_room [special_room_bee],
          uniq_nergalle
Lair:2:   layout_cave_pods, spider_nest_entry_web_field,
          minmay_lair_oklob_chamber, grunt_megastairs_1, lemuel_fruit_tree,
          uniq_fannar, uniq_urug
Lair:3:   layout_cave_pods, minivault_25, kennysheep_rathole,
          infiniplex_staircase_pool_2, grunt_megastairs_5
Lair:4:   layout_roguey, minmay_shoals_entry_hut, ebering_ghost_disaster_area,
          chequers_serial_rivers_small_3, uniq_nessos
Shoals:1: layout_shoals, serial_shops, nicolae_shop_waterfront
Shoals:2: cheibrodos_shoals_three_sisters, layout_shoals, serial_shops,
          bzr_in_the_mist, gammafunk_ghost_arena, centaur_isle, uniq_polyphemus
Shoals:3: cheibrodos_shoals_baths, layout_shoals, yaktaur_hedge, uniq_ilsuiw
Shoals:4: shoals_end_hangedman, layout_shoals
Spider:1: layout_spider_delve
Spider:2: layout_spider_delve, nicolae_spider_cling_halls
Spider:3: layout_spider_delve
Spider:4: spider_rune_water
Orc:1:    layout_diamond_mine, serial_shops, shop, shop, shop_statue, shop
Depths:1: layout_basic, serial_shops, nicolae_shop_crystal, minmay_misc_feat_x,
          grunt_hell_horde, hangedman_devilish_allure, uniq_saint_roka
Depths:2: minmay_the_grid_square_5x5_3x3 [minmay_the_grid_square_5x5_comb,
          minmay_the_grid_square_5x5_two_small,
          minmay_the_grid_square_5x5_six_small,
          minmay_the_grid_square_5x5_percent,
          minmay_the_grid_square_5x5_megaprize_diamond,
          minmay_the_grid_square_5x5_three_small,
          minmay_the_grid_square_5x5_inner_z, minmay_the_grid_square_5x5_seven,
          minmay_the_grid_square_5x5_v], layout_cave_pools, hellmouth_1
Depths:3: hangedman_cross_cluster, layout_long_grid, hell_entry,
          rand_demon_pan_entry_9, hangedman_abyss_entry_splay,
          serial_sigils_hangedman_leer, uniq_aizul, uniq_mennas,
          uniq_enchantress

Skill      XL: |  1  2  3  4  5  6  7  8  9 10 11 12 13 14 15 16 |
---------------+-------------------------------------------------+-----
Fighting       | 3 4 5 6 7 8 9 10 11 12 13 | 13.0
Axes           | 3 4 5 6 8 10 11 12 14 15 16 17 | 17.7
Shields        | 4 5 6 7 8 9 10 11 12 13 | 13.4
Armour         | 4 5 6 7 8 9 10 11 12 13 | 13.5
Invocations    | 3 6 7 9 11 12 13 | 13.6
Evocations     | 2 5 7 9 |  9.3
Dodging        | 1 4 6 7 |  7.7

Action                   |  1- 3 |  4- 6 |  7- 9 | 10-12 | 13-15 | 16-18 || total
-------------------------+-------+-------+-------+-------+-------+-------++-------
Melee: War axe           |    81 |   119 |   231 |   602 |       |       ||  1033
       Broad axe         |       |       |       |    18 |  1144 |   295 ||  1457
Invok: Greater Servant o |       |       |       |       |     4 |     1 ||     5
       Lesser Servant of |       |       |       |       |    13 |     1 ||    14
 Abil: Heal Wounds       |     1 |     5 |    10 |    27 |    19 |     8 ||    70
Evoke: Wand              |       |       |       |     9 |     7 |     1 ||    17
  Use: Scroll            |       |       |    16 |     3 |    21 |     3 ||    43
       Potion            |       |       |       |     1 |       |       ||     1
 Stab: Distracted        |       |       |       |       |     3 |       ||     3
       Petrifying        |       |       |       |       |     1 |       ||     1
       Petrified         |       |       |       |       |     1 |       ||     1
Armor: Scale mail        |    46 |    76 |    21 |       |       |       ||   143
       Plate armour      |       |       |    88 |   382 |   791 |   150 ||  1411
Dodge: Dodged            |    33 |    34 |    44 |   299 |   477 |   156 ||  1043
Block: Kite shield       |    49 |    71 |   125 |   457 |   870 |   197 ||  1769

Table legend: (Time is in decaauts)
 A = Elapsed time spent in this place.
 B = Non-inter-level travel time spent in this place.
 C = Inter-level travel time spent in this place.
 D = Time resting spent in this place.
 E = Time spent auto-exploring this place.
 F = Levels seen in this place.
 G = Mean time per level.
                   A        B        C        D        E       F      G
               +--------+--------+--------+--------+--------+-----+--------+
         Total |  15431 |  13576 |   1855 |     28 |   9397 |  33 |  467.6 |
       Dungeon |  10384 |   9246 |   1138 |     28 |   6804 |  15 |  692.3 |
        Temple |    228 |    202 |     26 |      0 |    200 |   1 |  228.0 |
          Lair |   2674 |   2261 |    413 |      0 |   1711 |   4 |  668.5 |
        Shoals |    567 |    473 |     94 |      0 |    251 |   4 |  141.8 |
   Spider Nest |   1062 |    921 |    141 |      0 |    228 |   4 |  265.5 |
  Orcish Mines |    158 |    140 |     18 |      0 |    106 |   1 |  158.0 |
        Depths |    187 |    164 |     23 |      0 |      0 |   3 |   62.3 |
       Ossuary |    167 |    167 |      0 |      0 |     96 |   1 |  167.0 |
               +--------+--------+--------+--------+--------+-----+--------+

Top non-repeatable levels by time:
     D:8: 1157 daAuts
  Lair:2: 1022 daAuts
    D:13: 1004 daAuts
  Lair:3: 940 daAuts
     D:7: 940 daAuts
    D:12: 881 daAuts
     D:3: 837 daAuts
    D:10: 770 daAuts
     D:4: 745 daAuts
    D:14: 719 daAuts
     D:9: 671 daAuts
     D:6: 607 daAuts
     D:5: 518 daAuts
    D:11: 517 daAuts
     D:2: 459 daAuts
